Map: Acropolis LE

Players

ZhuGeLiang - Winner!

  • Race: Zerg Zerg
  • League: Grandmaster
  • Spawn Location: 11:00

Serral

  • Race: Zerg Zerg
  • League: Grandmaster
  • Spawn Location: 5:00

Event: 2019 Assembly Summer

VOD

Have the link to the VOD?

Description

Time

  • Played on: Aug. 1, 2019, 5:14 a.m.
  • Length: 10:40

All games in this series

Show
View Real Time Build Order
Export as new Build Order

ZhuGeLiang Zerg - Winner!

Build Orders: 1 Base Baneling Bust, Pool First, Zergling Baneling 

Get SALT Encoding   

  12  0:00  Drone  
  13  0:14  Extractor  
  12  0:24  Spawning Pool  
  12  0:28  Drone  
  12  0:32  Drone  
  13  0:37  Drone  
  14  0:47  Overlord  
  14  1:10  Zergling x4  
  16  1:11  Zergling x2  
  16  1:16  Metabolic Boost  
  17  1:22  Zergling x2  
  19  1:32  Zergling x2  
  19  1:37  Baneling Nest  
  18  1:44  Zergling x2  
  19  1:53  Queen  
  22  1:54  Zergling x2  
  22  2:06  Spore Crawler, Zergling x2  
  23  2:21  Baneling x4  
  23  2:24  Overlord  
  22  2:48  Drone  
  22  2:49  Drone x2  
  23  3:05  Hatchery  
  22  3:06  Drone  
  22  3:10  Drone  
  24  3:14  Zergling x2  
  25  3:26  Queen  
  27  3:34  Drone x2  
  27  3:38  Baneling  
  28  3:46  Drone  
  28  3:47  Drone x2  
  29  3:52  Overlord  
  29  4:03  Drone  
  29  4:08  Drone, Overlord  
  30  4:12  Drone  
  30  4:13  Baneling  
  30  4:17  Zergling x4  
  30  4:22  Queen  
  33  4:26  Drone  
  33  4:27  Zergling x2  
  35  4:36  Baneling x2  
  35  4:44  Drone  
  35  4:45  Drone x3  
  39  4:51  Drone  
  39  4:56  Drone  
  39  4:57  Drone x3  
  43  5:02  Drone  
  43  5:04  Evolution Chamber  
  43  5:07  Drone  
  43  5:08  Lair  
  43  5:12  Drone  
  45  5:15  Extractor  
  45  5:17  Drone  
  45  5:25  Drone x3  
  45  5:26  Drone  
  49  5:31  Hatchery  
  49  5:34  Zerg Missile Weapons Level 1, Extractor  
  47  5:40  Roach Warren  
  47  5:42  Drone  
  47  5:43  Drone  
  47  5:46  Drone  
  47  5:47  Drone  
  50  5:53  Drone, Overlord  
  51  6:04  Overlord  
  51  6:07  Overlord  
  51  6:08  Overseer  
  51  6:12  Drone x5  
  51  6:13  Drone x2  
  58  6:20  Glial Reconstitution  
  58  6:22  Overlord  
  58  6:26  Drone  
  58  6:32  Drone x2  
  61  6:33  Drone x2  
  61  6:35  Drone x3  
  66  6:40  Extractor  
  66  6:43  Drone x2  
  66  6:45  Drone  
  68  6:49  Roach  
  72  6:54  Roach  
  72  6:57  Drone  
  72  6:58  Baneling x2  
  73  7:02  Drone, Extractor  
  73  7:03  Extractor  
  73  7:04  Drone x2  
  73  7:06  Overlord, Pneumatized Carapace  
  73  7:07  Drone x5  
  79  7:13  Roach x3  
  85  7:18  Drone x3  
  85  7:21  Burrow  
  87  7:28  Drone  
  87  7:29  Drone x2  
  88  7:39  Roach x3, Tunneling Claws  
  88  7:40  Overlord x2  
  94  7:47  Hatchery, Evolution Chamber  
  94  7:48  Baneling  
  94  7:49  Baneling  
  94  7:51  Overseer  
  92  7:54  Roach x3, Zerg Missile Weapons Level 2  
  92  7:56  Overlord x2  
  98  8:00  Overlord  
  98  8:01  Roach x3  
  104  8:08  Overlord x3  
  104  8:16  Zerg Ground Armor Level 1, Roach x3  
  104  8:19  Ravager  
  111  8:27  Roach x5  
  111  8:28  Roach x2  
  111  8:30  Roach  
  127  8:38  Roach  
  127  8:39  Roach x2  
  133  8:46  Roach x8  
  149  8:51  Roach x3  
  149  8:53  Roach  
  149  8:55  Ravager  
  158  8:56  Ravager x2  
  162  9:02  Roach  
  162  9:03  Roach x3  
  162  9:08  Overseer x2  
  168  9:11  Overseer  
  168  9:12  Roach x2  
  168  9:15  Overlord x2  
  168  9:16  Roach x4  
  168  9:17  Overlord  
  168  9:21  Extractor  
  168  9:22  Overlord  
  167  9:30  Overlord  
  167  9:32  Overlord  
  167  9:33  Overlord  
  167  9:40  Roach x10  
  167  9:42  Roach x2  
  191  9:46  Roach x2  
  191  9:50  Ravager x3  
  198  9:59  Roach  
  200  10:04  Spine Crawler  
  200  10:05  Spine Crawler  
  198  10:13  Roach x2  
  200  10:18  Roach x9  
Show
View Real Time Build Order
Export as new Build Order

Serral Zerg 

Build Orders: Hatch First 

Get SALT Encoding   

  12  0:00  Drone  
  13  0:12  Overlord  
  13  0:16  Drone  
  14  0:31  Drone x2  
  16  0:47  Hatchery  
  15  0:51  Drone  
  15  0:54  Drone  
  17  0:57  Drone  
  18  1:08  Extractor  
  17  1:13  Spawning Pool  
  17  1:16  Drone  
  17  1:18  Drone  
  18  1:27  Drone  
  19  1:38  Drone  
  20  1:52  Drone  
  21  2:00  Queen x2  
  21  2:01  Overlord, Zergling x2  
  25  2:08  Metabolic Boost  
  26  2:12  Spine Crawler  
  25  2:19  Spine Crawler  
  25  2:22  Zergling x2  
  25  2:25  Zergling x2  
  26  2:30  Zergling x2  
  27  2:42  Zergling x4  
  26  2:48  Zergling x2  
  18  2:53  Zergling x2  
  18  2:55  Zergling x2  
  20  3:01  Zergling x2  
  21  3:19  Drone x2  
  23  3:20  Drone  
  23  3:22  Drone  
  25  3:33  Drone  
  26  3:37  Drone  
  26  3:41  Drone  
  27  3:52  Drone x2  
  27  3:53  Drone  
  30  4:00  Drone  
  30  4:01  Drone  
  32  4:12  Baneling Nest  
  32  4:13  Drone  
  32  4:16  Drone  
  32  4:19  Drone  
  32  4:23  Drone  
  34  4:29  Overlord  
  34  4:32  Drone  
  34  4:36  Drone  
  35  4:47  Drone  
  35  4:48  Drone x4  
  35  4:49  Drone  
  35  4:51  Drone  
  42  4:57  Drone  
  42  4:58  Drone  
  44  5:03  Overlord  
  44  5:12  Hatchery  
  42  5:16  Baneling  
  42  5:19  Evolution Chamber  
  42  5:21  Drone x2  
  43  5:23  Drone x2  
  43  5:27  Zergling x4  
  47  5:31  Drone x2, Extractor  
  47  5:33  Drone  
  47  5:34  Drone  
  50  5:40  Lair  
  50  5:46  Drone  
  50  5:47  Extractor  
  50  5:48  Overlord  
  50  5:49  Drone  
  51  5:50  Zerg Missile Weapons Level 1  
  51  5:56  Drone, Roach Warren  
  51  6:02  Zergling x2  
  52  6:11  Overlord  
  52  6:13  Overlord  
  52  6:17  Drone  
  55  6:19  Drone x2, Overlord  
  55  6:21  Drone  
  58  6:26  Queen  
  58  6:27  Extractor  
  58  6:31  Drone  
  60  6:34  Drone  
  60  6:37  Drone  
  62  6:42  Drone x3  
  62  6:43  Drone x4  
  62  6:45  Overseer  
  67  6:48  Pneumatized Carapace  
  67  6:49  Overlord  
  67  6:52  Drone x2  
  68  6:55  Drone x2, Extractor  
  68  7:00  Drone x2  
  71  7:03  Overlord  
  71  7:09  Roach x4  
  79  7:16  Baneling x2  
  79  7:18  Overlord  
  77  7:25  Drone x4  
  80  7:36  Drone x4  
  83  7:39  Extractor  
  83  7:40  Drone  
  83  7:41  Roach x6  
  83  7:42  Evolution Chamber  
  92  7:45  Zerg Missile Weapons Level 2  
  92  7:51  Roach  
  94  7:56  Roach x3  
  100  7:58  Hatchery  
  100  8:00  Roach x2  
  100  8:01  Roach  
  100  8:05  Drone  
  106  8:08  Drone x2  
  106  8:10  Spore Crawler  
  106  8:11  Spore Crawler  
  106  8:17  Roach  
  106  8:18  Roach x2  
  106  8:19  Overseer  
  112  8:20  Glial Reconstitution  
  112  8:22  Overlord x2  
  112  8:31  Overlord x2  
  112  8:45  Roach x6  
  112  8:47  Ravager x4  
  128  8:49  Roach x5  
  138  8:56  Drone  
  138  8:57  Drone, Overlord  
  138  9:02  Roach x2  
  144  9:03  Ravager  
  144  9:04  Ravager  
  146  9:11  Roach x3  
  146  9:15  Overseer  
  152  9:21  Roach x4  
  160  9:30  Overseer x2  
  160  9:31  Overseer x2  
  160  9:41  Overlord x3  
  160  9:42  Overlord x4  
  160  9:46  Extractor  
  159  9:59  Queen  
  161  10:02  Roach x12  
  185  10:11  Roach x4  
  193  10:16  Infestation Pit  
Tags
 
Add a new tag
Caveats
  • Supply blocks, unpowered buildings, or Contaminate may cause inaccurate times.
  • Supply counts are checked every 10 seconds.